 Dungeon Crawl Stone Soup version 0.29-a0-824-gd827844252 (webtiles) character file.

Game seed: 8370678871152112324

309 kevlar127 the Ruffian (level 6, -4/93 HPs)
             Began as a Troll Berserker on July 10, 2022.
             Was a Priest of Trog.
             Slain by Dowan
             ... wielding a +0 dagger
              (7 damage)
             ... on level 4 of the Dungeon.
             The game lasted 00:06:02 (1897 turns).

kevlar127 the Ruffian (Troll Berserker)             Turns: 1897, Time: 00:06:02

Health: -4/93      AC:  4    Str: 28    XL:     6   Next: 17%
Magic:  5/5        EV: 10    Int:  3    God:    Trog [***...]
Gold:   177        SH:  0    Dex:  9    Spells: 5/5 levels left

rFire   . . .      SeeInvis .     - Unarmed
rCold   . . .      Faith    .   (no shield)
rNeg    . . .      Spirit   .   a - +0 animal skin
rPois   .          Reflect  .   (helmet restricted)
rElec   .          Harm     .   (no cloak)
rCorr   .          Rampage  .   (gloves unavailable)
Will    .....                   (boots unavailable)
Stlth   ..........              (no amulet)
HPRegen 1.05/turn               (no ring)
MPRegen 0.09/turn               (no ring)

@: berserking, very quick
A: large, unfitting armour, claws 3, regeneration 1, shaggy fur 1, tough skin 1
a: Renounce Religion, Berserk, Trog's Hand


You were on level 4 of the Dungeon.
You worshipped Trog.
Trog was most pleased with you.
You visited 1 branch of the dungeon, and saw 4 of its levels.

You collected 177 gold pieces.

Inventory:

Missiles
 h - 40 stones (quivered)
 k - 10 poisoned darts
 n - 6 boomerangs
Armour
 a - a +0 animal skin (worn)
Wands
 i - a wand of flame (11)
Scrolls
 c - 5 scrolls of identify {unknown}
 e - a scroll of brand weapon {unknown}
 g - 3 scrolls of teleportation {unknown}
 j - 3 scrolls of fear {unknown}
 m - a scroll of magic mapping {unknown}
Potions
 b - 4 potions of curing {unknown}
 d - 2 potions of mutation {unknown}
 f - 2 potions of flight {unknown}
 l - 2 potions of heal wounds {unknown}
 o - 2 potions of magic {unknown}


   Skills:
 + Level 4.2 Fighting
 - Level 3.0 Dodging
 + Level 5.1 Unarmed Combat


You had 5 spell levels left.
You didn't know any spells.
Your spell library was empty.

Dungeon Overview and Level Annotations

Branches:
Dungeon (4/15)
 Temple: D:4-7

Altars:
Ashenzari
Vehumet

Annotations:
D:3 exclusion: statue
D:4 Dowan


Innate Abilities, Weirdness & Mutations

You are too large for most types of armour.
You have claws for hands.
Your natural rate of healing is unusually fast.
You are covered in fur. (AC +1)
You have tough skin. (AC +1)


Message History

Duvessa seems to speed up.
Your skin crawls.
You feel strong-willed.
Duvessa zaps a wand.
The puff of flame hits you.
Unknown command.
You feel the effects of Trog's Hand fading.
Dowan attacks as you move away! Dowan hits you with a +0 dagger.
Duvessa hits you with a +0 short sword. Duvessa attacks as you move away!
Duvessa hits you with a +0 short sword.
* * * LOW HITPOINT WARNING * * *
You claw Duvessa!
You kill Duvessa!
Trog accepts your kill.
Dowan seems overcome with grief.
Dowan seems to find hidden reserves of power!
Your Fighting skill increases to level 4!
Your Unarmed Combat skill increases to level 5!
You have reached level 6!
You feel stronger.
A red film seems to cover your vision as you go berserk!
You feel yourself moving faster!
You feel mighty!
Dowan says, "Magic will overcome all!"
Dowan hits you with a +0 dagger. x2
You closely miss Dowan. Your claw misses Dowan. You miss Dowan.
Your skin stops crawling.
You feel less strong-willed. Dowan closely misses you.
Unknown command.
You miss Dowan.
Dowan says, "How can I live without her?"
Dowan hits you with a +0 dagger.
You claw Dowan!
Dowan is heavily wounded.
Dowan gestures at you while chanting. The shard of ice hits you!!
* * * LOW HITPOINT WARNING * * *
You barely miss Dowan.
Dowan is heavily wounded.
Dowan hits you with a +0 dagger!
You die...

##+# #...# .....#
### .# ......#
##.##.#
>......####...#.####
......†'............
.......##.#.....###
......# #e##..P.#
.....# #@##.P..#
#...# #.##..#.# ##+#
#.......# #####.###
.. #.# ##.## #.#
##... #.# .... #.#
... ##### #.#


You could see Dowan (fast).

Vanquished Creatures
  Duvessa (D:4)
  A hound (D:4)
  Robin (D:2)
  3 gnolls (D:4)
  6 adders
  A worm (D:2)
  4 dart slugs
  An orc (D:3)
  7 ball pythons
  4 endoplasms
  13 goblins
  8 hobgoblins
  3 jackals (D:1)
  4 quokkas
  10 bats
  4 frilled lizards
  7 kobolds
  5 rats
83 creatures vanquished.

Notes
Turn   | Place    | Note
-------+----------+-------------------------------------------
     0 | D:1      | kevlar127 the Troll Berserker began the quest for the Orb.
     0 | D:1      | Reached XP level 1. HP: 22/22 MP: 0/0
    87 | D:1      | Reached XP level 2. HP: 28/29 MP: 1/1
   185 | D:1      | Reached XP level 3. HP: 36/36 MP: 2/2
   240 | D:1      | Reached ** piety under Trog
   447 | D:2      | Noticed Robin
   473 | D:2      | Reached XP level 4. HP: 44/45 MP: 3/3
   479 | D:2      | Killed Robin
   650 | D:2      | Reached skill level 4 in Unarmed Combat
   736 | D:2      | Found a faded altar of an unknown god.
  1095 | D:3      | Reached *** piety under Trog
  1422 | D:3      | Found a radiant altar of Vehumet.
  1422 | D:3      | Noticed a charred statue
  1500 | D:3      | Found a broken altar of Ashenzari.
  1510 | D:3      | Reached XP level 5. HP: 53/53 MP: 4/4
  1866 | D:4      | Noticed Duvessa
  1867 | D:4      | Noticed Dowan
  1891 | D:4      | Killed Duvessa
  1892 | D:4      | Reached skill level 5 in Unarmed Combat
  1892 | D:4      | Reached XP level 6. HP: 20/62 MP: 5/5
  1896 | D:4      | HP: 3/93 [Dowan/shard of ice (27)]
  1897 | D:4      | Slain by Dowan

Illustrated notes

Levels and vault maps discovered:
D:1:      lightli_arrival_quake, layout_basic
D:2:      layout_rooms, shapermc_ecumenical_altar_totnotflames, chequers_avenue,
          minmay_randomly_rotated_circles, uniq_robin
D:3:      layout_loops_cross, mainiacjoe_overflow_small_starburst,
          vehumet_statue, kennysheep_crisscross, minmay_door_square,
          minmay_misc_feat_rows, feat_on_display
D:4:      layout_loops_corners, serial_forest, infiniplex_forest_clump_small,
          infiniplex_forest_clump_tiny, infiniplex_forest_straight_4,
          infiniplex_forest_straight_2, hangedman_decor_peaks_small,
          uniq_duvessa

Skill      XL: |  1  2  3  4  5 |
---------------+----------------+-----
Dodging        | 3 |  3.0
Fighting       | 3 4 |  4.2
Unarmed Combat | 4 5 |  5.1

Action                   |  1- 3 |  4- 6 || total
-------------------------+-------+-------++-------
Melee: Unarmed           |   112 |   130 ||   242
       Punch             |     1 |     2 ||     3
Invok: Trog's Hand       |     1 |     1 ||     2
       Berserk           |       |     1 ||     1
Armor: Animal skin       |    55 |    37 ||    92
Dodge: Dodged            |    77 |    55 ||   132

Table legend: (Time is in decaauts)
 A = Elapsed time spent in this place.
 B = Non-inter-level travel time spent in this place.
 C = Inter-level travel time spent in this place.
 D = Time resting spent in this place.
 E = Time spent auto-exploring this place.
 F = Levels seen in this place.
 G = Mean time per level.
                   A        B        C        D        E       F      G
               +--------+--------+--------+--------+--------+-----+--------+
         Total |   1877 |   1839 |     38 |      0 |   1394 |   4 |  469.2 |
       Dungeon |   1877 |   1839 |     38 |      0 |   1394 |   4 |  469.2 |
               +--------+--------+--------+--------+--------+-----+--------+

Top non-repeatable levels by time:
     D:3: 744 daAuts
     D:2: 673 daAuts
     D:1: 356 daAuts
     D:4: 103 daAuts
